 Dungeon Crawl Stone Soup version 0.31-a0-237-g2d982f9f85 (webtiles) character file.

Game seed: 15441628395609894099

429 qw the Shooter (level 6, -4/53 HPs)
             Began as a Minotaur Hexslinger on July 11, 2023.
             Slain by a river rat (8 damage)
             ... summoned by Eustachio
             ... on level 4 of the Dungeon.
             The game lasted 00:01:05 (2891 turns).

qw the Shooter (Minotaur Hexslinger)                Turns: 2891, Time: 00:01:06

Health: -4/53      AC:  3    Str: 12    XL:     6   Next: 66%
Magic:  6/6        EV: 12    Int: 10    God:
Gold:   126        SH:  0    Dex: 15    Spells: 6/7 levels left

rFire   . . .        g - +1 sling (heavy)
rCold   . . .        (no shield)
rNeg    + . .        a - +0 leather armour
rPois   .            (helmet restricted)
rElec   .            (no cloak)
rCorr   .            (no gloves)
SInv    .            (no boots)
Will    .....        (no amulet)
Stlth   +            e - ring of positive energy
HPRegen 0.28/turn    (no ring)
MPRegen 0.10/turn

%: no passive effects
@: no status effects
A: horns 2, retaliatory headbutt
a: no special abilities


You were on level 4 of the Dungeon.
You visited 2 branches of the dungeon, and saw 5 of its levels.

You collected 126 gold pieces.


Innate Abilities, Weirdness & Mutations

You have a pair of horns on your head.
You reflexively headbutt those who attack you in melee.


   Skills:
 - Level 4.5 Fighting
 + Level 6.8 Ranged Weapons
 - Level 2.1 Dodging
 - Level 1.0 Spellcasting
 - Level 2.0 Hexes


You had 6 spell levels left.
You knew the following spells:

 Your Spells              Type           Power      Damage    Failure   Level
a - Slow                  Hex            16%        N/A       19%         1

Your spell library contained the following spells:

 Spells                   Type           Power      Damage    Failure   Level
 Inner Flame              Hex/Fire       2%         N/A       65%         3
 Portal Projectile        Hex/Tloc       4%         N/A       65%         3
 Cause Fear               Hex            2%         N/A       88%         4

Inventory:

Hand Weapons
 g - a +1 heavy sling (weapon)
Armour
 a - a +0 leather armour (worn)
 c - a +0 ring mail
Jewellery
 e - a ring of positive energy (left hand)
 j - a ring of fire
Scrolls
 f - 2 scrolls of brand weapon
 k - a scroll of identify
Potions
 b - a potion of haste {unknown}
 d - a potion of cancellation
 h - a potion of brilliance {unknown}
 i - a potion of heal wounds {unknown}

Dungeon Overview and Level Annotations

Branches:
Dungeon (4/15)             Temple (1/1) D:4

Altars:
Cheibriados
Fedhas
Hepliaklqana
Nemelex Xobeh
Qazlal
Ru
Sif Muna
Vehumet
Yredelemnul
The Shining One

Annotations:
D:4 Eustachio


Message History

The endoplasm freezes you.
You are frozen.
Eustachio misses you. The river rat barely misses you. You furiously retaliate!
You headbutt the river rat! The iron imp hits you.
The quokka barely misses you. The quokka closely misses you.
You shoot a sling bullet. The sling bullet hits the river rat!
You kill the river rat!
The river rat's corpse disappears in a puff of smoke!
The endoplasm barely misses you.
An endoplasm comes into view.
Eustachio casts a spell.
The quokka misses you. x2; You furiously retaliate!
You headbutt the quokka.
The iron imp hits you but does no damage.
The endoplasm hits you but does no damage.
Eustachio hits you with a +0 rapier. The quokka closely misses you.
You furiously retaliate!
You headbutt the quokka!
You kill the quokka!
The quokka's corpse disappears in a puff of smoke!
You shoot a sling bullet.
The sling bullet closely misses Eustachio.
The endoplasm quivers.
The quokka bites you. The endoplasm hits you. The iron imp hits you.
Eustachio closely misses you. The quokka closely misses you.
The river rat bites you!
You shoot a sling bullet.
The sling bullet barely misses Eustachio.
The quokka barely misses you. The endoplasm barely misses you.
Eustachio hits you with a +0 rapier. The river rat misses you.
You furiously retaliate!
You headbutt the river rat. The iron imp barely misses you.
The quokka twitches its whiskers.
The quokka bites you but does no damage.
The endoplasm hits you. Eustachio hits you but does no damage.
The river rat barely misses you. The iron imp closely misses you.
You shoot a sling bullet.
The sling bullet hits Eustachio but does no damage.
Eustachio is severely wounded.
The quokka bites you but does no damage.
The endoplasm hits you. Eustachio hits you with a +0 rapier.
The river rat bites you!
You die...

#.. #.##.#####
#.#.......
#.#......
......... ##
..#####J#...###
.#
......J.5......
.#
..#.###@#.#.###
.#
.....5@rr....(#
.#
....####.%#.#.#
.#
....####..#.#.#
...
#........#.#.#
###
#.######.#.#.#
#. #.#.#.# ###
#. #.....# ...
#.########)###


You could see Eustachio, an iron imp (summoned), a quasit (summoned), a river
rat (summoned), 2 endoplasms and a quokka (summoned).

Vanquished Creatures
  Menkaure (D:4)
  A scorpion (D:4)
  An orc priest (D:3)
  Natasha (thrice) (D:2)
  An orc wizard (D:3)
  Ijyb (D:3)
  2 adders
  3 worms
  A dart slug (D:3)
  7 orcs
  4 endoplasms
  6 giant cockroaches
  4 hobgoblins
  2 jackals (D:4)
  2 kobolds
  5 quokkas
  6 ball pythons
  4 bats (D:1)
  2 frilled lizards (D:2)
  7 goblins
  4 rats
67 creatures vanquished.

Notes
Turn   | Place    | Note
-------+----------+-------------------------------------------
     0 | D:1      | qw the Minotaur Hexslinger began the quest for the Orb.
     0 | D:1      | Reached XP level 1. HP: 16/16 MP: 1/1
     0 | D:1      | 0 ||| qw: Version: 0.3-a-52-g30416fa
     0 | D:1      | 0 ||| qw: Game counter: 5533
     0 | D:1      | 0 ||| qw: Melee chars always use a shield: true
     0 | D:1      | 0 ||| qw: God list: Okawaru
     0 | D:1      | 0 ||| qw: Allow faded altars: false
     0 | D:1      | 0 ||| qw: Do Orc after clearing Dungeon:15 true
     0 | D:1      | 0 ||| qw: Do second Lair branch before Depths: true
     0 | D:1      | 0 ||| qw: Lair rune preference: random
     0 | D:1      | 0 ||| qw: Goals: Normal
     0 | D:1      | 0 ||| PLANNING D:1-11
   129 | D:1      | Reached skill level 3 in Ranged Weapons
   146 | D:1      | Reached XP level 2. HP: 23/23 MP: 2/2
   454 | D:1      | 454 ||| UPGRADING to ring of positive energy.
   455 | D:1      | 455 ||| READING scroll labelled HUUSSY LAUDD.
   456 | D:1      | 456 ||| DROPPING scroll of poison.
   505 | D:2      | Noticed Natasha
   514 | D:2      | Killed Natasha
   515 | D:2      | Reached XP level 3. HP: 15/29 MP: 3/3
   753 | D:2      | Reached skill level 4 in Ranged Weapons
   931 | D:2      | Noticed Natasha
   941 | D:2      | Killed Natasha
   942 | D:2      | Reached XP level 4. HP: 22/36 MP: 4/4
  1344 | D:2      | Noticed Natasha
  1357 | D:2      | Killed Natasha
  1358 | D:2      | Reached skill level 5 in Ranged Weapons
  1509 | D:2      | 1509 ||| READING scroll labelled DEMYIHIUTE.
  1513 | D:2      | 1513 ||| READING 2 scrolls labelled FIALEA LEBRI.
  1514 | D:2      | 1514 ||| READING scroll labelled ODUANU TEHIL.
  1515 | D:2      | 1515 ||| READING scroll labelled ERROYR DIUMNAOROR.
  1516 | D:2      | 1516 ||| DROPPING scroll of vulnerability.
  1526 | D:3      | 1526 ||| PLANNING SEWER
  1532 | D:3      | Noticed Ijyb
  1541 | D:3      | Killed Ijyb
  1542 | D:3      | Reached XP level 5. HP: 21/42 MP: 5/5
  1659 | D:3      | Reached skill level 3 in Fighting
  1960 | D:3      | Found a basalt altar of Yredelemnul.
  1996 | D:3      | Found a faded altar of an unknown god.
  2166 | D:3      | 2166 ||| RIP SEWER
  2236 | D:3      | 2236 ||| PLANNING D:1-11
  2236 | D:3      | 2236 ||| Stepping ~*~*~tactically~*~*~ (water).
  2265 | D:3      | 2265 ||| Stepping ~*~*~tactically~*~*~ (water).
  2318 | D:3      | 2318 ||| UPGRADING to +0 leather armour.
  2328 | D:3      | 2328 ||| DROPPING +0 robe.
  2329 | D:3      | 2329 ||| READING scroll labelled GITTAU VURENG.
  2330 | D:3      | 2330 ||| DRINKING 3 dark potions.
  2435 | D:3      | 2435 ||| DROPPING 2 potions of berserk rage.
  2498 | D:4      | Noticed Menkaure
  2500 | D:4      | 2500 ||| FLEEEEING.
  2513 | D:4      | 2513 ||| FLEEEEING.
  2514 | D:4      | 2514 ||| STAIRDANCE
  2569 | D:3      | 2569 ||| READING scroll labelled JINUNG UCYE.
  2570 | D:3      | 2570 ||| DRINKING 2 lumpy grey potions.
  2575 | D:4      | 2575 ||| STAIRDANCE
  2661 | D:4      | Killed Menkaure
  2662 | D:4      | Reached skill level 6 in Ranged Weapons
  2662 | D:4      | Reached XP level 6. HP: 45/51 MP: 6/6
  2728 | D:4      | Found a staircase to the Ecumenical Temple.
  2729 | D:4      | 2729 ||| PLANNING TEMPLE
  2777 | Temple   | Entered the Ecumenical Temple
  2778 | Temple   | 2778 ||| PLANNING D:1-11
  2807 | D:4      | Found a radiant altar of Vehumet.
  2875 | D:4      | Noticed Eustachio
  2889 | D:4      | HP: 13/53 [river rat[Eustachio] (9)]
  2891 | D:4      | HP: 4/53 [Eustachio/+0 rapier (5)]
  2891 | D:4      | Slain by a river rat

Levels and vault maps discovered:
D:1:      dpeg_arrival_round_c, layout_rooms
D:2:      layout_basic, uniq_natasha
D:3:      layout_basic, mainiacjoe_overflow_catwalk,
          chequers_ecumenical_altar_island, gup_sewer_entry_pipe,
          supply_closet_lemuel, uniq_ijyb
D:4:      layout_basic, kennysheep_mini_moat, minmay_temple_entry_sparse_star,
          minmay_distorted, uniq_eustachio, uniq_menkaure
Temple:   hellmonk_temple_micro_hex

Skill      XL: |  1  2  3  4  5  6 |
---------------+-------------------+-----
Ranged Weapons | 3 4 5 6 |  6.8
Fighting       | 2 3 4 |  4.5
Dodging        | |  2.1
Spellcasting   | |  1.0
Hexes          | |  2.0

Action                     |  1- 3 |  4- 6 || total
---------------------------+-------+-------++-------
   Fire: Sling             |    82 |   147 ||   229
    Use: Scroll            |     1 |     6 ||     7
         Potion            |       |     2 ||     2
 Armour: Robe              |    17 |     7 ||    24
         Leather armour    |       |    13 ||    13
  Dodge: Dodged            |    36 |    60 ||    96

Table legend:
 A = Non-vault XP
 B = Vault XP
 C = Vault XP percentage of total XP
 D = Non-vault monster count
 E = Vault monster count
 F = Vault count percentage of total count
                 A         B        C        D         E       F
            +---------+---------+-------+---------+---------+-------
      Total |     363 |     251 |  40.9 |      57 |      10 |  14.9
            +---------+---------+-------+---------+---------+-------
        D:1 |      21 |       0 |   0.0 |      15 |       0 |   0.0
        D:2 |     110 |      35 |  24.1 |      15 |       1 |   6.2
        D:3 |     122 |      45 |  26.9 |      14 |       7 |  33.3
        D:4 |     110 |     171 |  60.9 |      13 |       2 |  13.3
            +---------+---------+-------+---------+---------+-------
